 Dungeon Crawl Stone Soup version 0.31-a0-774-g0d66cbabe8 (webtiles) character file.

Game seed: 17890508061071617677

35 Getoffmy the Magician (level 3, -1/19 HPs)
             Began as a Deep Elf Hedge Wizard on Sept 18, 2023.
             Killed from afar by Sigmund (10 damage)
             ... with a magic dart
             ... on level 2 of the Dungeon.
             The game lasted 00:04:27 (1653 turns).

Getoffmy the Magician (Deep Elf Hedge Wizard)       Turns: 1653, Time: 00:04:27

Health: -1/19      AC:  2    Str:  7    XL:     3   Next: 16%
Magic:  4/10       EV: 12    Int: 20    God:
Gold:   84         SH:  0    Dex: 14    Spells: 7/10 levels left

rFire   . . .        i - +0 rapier
rCold   . . .        (no shield)
rNeg    . . .        b - +0 robe
rPois   .            c - +0 hat
rElec   .            (no cloak)
rCorr   .            (no gloves)
SInv    .            (no boots)
Will    .....        (no amulet)
Stlth   ++           (no ring)
HPRegen 0.23/turn    (no ring)
MPRegen 0.12/turn

%: no passive effects
@: no status effects
A: no striking features
a: no special abilities


You were on level 2 of the Dungeon.
You visited 1 branch of the dungeon, and saw 2 of its levels.

You collected 84 gold pieces.

Inventory:

Hand Weapons
 a - a +0 dagger
 i - a +0 rapier (weapon)
Missiles
 f - 26 stones
Armour
 b - a +0 robe (worn)
 c - a +0 hat (worn)
Scrolls
 e - a scroll of enchant weapon {unknown}
 g - a scroll of silence {unknown}
 h - a scroll of fear {unknown}
 j - a scroll of identify {unknown}
 k - a scroll of poison {unknown}
 l - a scroll of teleportation {unknown}
 m - a scroll of amnesia {unknown}
Potions
 d - 2 potions of magic


   Skills:
 - Level 2.4 Dodging
 + Level 3.1 Stealth
 - Level 4.4 Spellcasting
 * Level 1.9 Conjurations
 + Level 2.6 Summonings
 - Level 1.1 Translocations


You had 7 spell levels left.
You knew the following spells:

 Your Spells              Type           Power      Damage    Failure   Level
a - Magic Dart            Conj           48%        1d5       5%          1
b - Call Imp              Summ           28%        N/A       6%          2

Your spell library contained the following spells:

 Spells                   Type           Power      Damage    Failure   Level
 Apportation              Tloc           16%        N/A       8%          1
 Kiss of Death            Conj/Necr      32%        2d7       9%          1
 Slow                     Hex            16%        N/A       12%         1
 Blink                    Tloc           16%        N/A       12%         2
 Cigotuvi's Dreadful Rot  Necr/Pois/Air  8%         N/A       19%         2
 Jinxbite                 Hex            8%         N/A       19%         2
 Mephitic Cloud           Conj/Pois/Air  6%         N/A       28%         3
 Confusing Touch          Hex            4%         N/A       36%         3
 Dispel Undead            Necr           4%         3d7       77%         4
 Alistair's Intoxication  Tmut/Pois      2%         N/A       98%         5


Dungeon Overview and Level Annotations

Branches:
Dungeon (2/15)

Altars:

Annotations:
D:2 Sigmund


Message History

You bump into the rock wall.
Okay, then.
A magic dart appears from out of thin air!
The magic dart hits your cerulean imp!
You bump into the rock wall.
You feel less confused.
A magic dart appears from out of thin air!
The magic dart hits your cerulean imp!
Your cerulean imp dies!
Your cerulean imp disappears in a puff of smoke!
A magic dart appears from out of thin air!
The magic dart hits you.
* * * LOW HITPOINT WARNING * * *
Casting: Call Imp (safe; 6% risk of failure)
Confirm with . or Enter, or press ? or * to list all spells.
A tiny devil pulls itself out of the air.
Sigmund appears from thin air!
Reactivating autopickup.
Your cerulean imp barely misses Sigmund.
Your cerulean imp hits Sigmund but does no damage.
Things that are here:
a +0 whip; a kobold skeleton Your cerulean imp completely misses Sigmund.
Unknown command.
Your cerulean imp hits Sigmund but does no damage.
Casting: Call Imp (safe; 6% risk of failure)
Confirm with . or Enter, or press ? or * to list all spells.
A tiny devil pulls itself out of the air.
Your cerulean imp disappears in a puff of smoke!
Sigmund mumbles some strange words.
Sigmund flickers and vanishes!
Deactivating autopickup; reactivate with Ctrl-A.
You swap places.
Your cerulean imp appears confused.
There is a stone staircase leading down here.
Your cerulean imp closely misses itself.
A magic dart appears from out of thin air!
The magic dart hits you!
Ouch! That really hurt!
You die...

######....##..................
#..............##.....#.##....
....#####..##.##..#........#####
# #<.....###......##.[## ##
##.....## ##...{.##...###.
########.......###.>..5.##.#.....
.............#.##.......##.#####.
...............##..#....##.# #..
....#####.......@..#....##)# #..
....# ##.....#.#.##.>..##.####..
.....###..........#####..#.##....
.............#.......###.#.#..#..
..@..........##.......##...#.##..
......####...##..#..#............
.... ###....#.รท#...).##...###.#
.....##......##...##...#...# #.#
...................#...#...# #.#


You could see a friendly cerulean imp (summoned, confused).

Vanquished Creatures
  A dart slug (D:1)
  2 bats (D:1)
  3 endoplasms
  2 goblins (D:1)
  2 hobgoblins (D:2)
  4 jackals (D:1)
  2 quokkas
  3 ball pythons
  A frilled lizard (D:1)
  8 kobolds
  2 rats (D:1)
30 creatures vanquished.

Notes
Turn   | Place    | Note
-------+----------+-------------------------------------------
     0 | D:1      | Getoffmy the Deep Elf Hedge Wizard began the quest for the
                  | Orb.
     0 | D:1      | Reached XP level 1. HP: 10/10 MP: 7/7
   397 | D:1      | Reached XP level 2. HP: 15/15 MP: 6/9
  1021 | D:2      | Noticed Sigmund
  1288 | D:2      | Reached XP level 3. HP: 19/19 MP: 8/10
  1580 | D:2      | Learned a level 2 spell: Call Imp
  1653 | D:2      | Killed from afar by Sigmund

Illustrated notes

Levels and vault maps discovered:
D:1:      saegor_arrival_fortress, layout_rooms
D:2:      layout_rooms, uniq_sigmund

Skill      XL: |  1  2 |
---------------+-------+-----
Summonings     | 2 |  2.6
Stealth        | 3 |  3.1
Dodging        | |  2.4
Spellcasting   | |  4.4
Conjurations   | |  1.9
Translocations | |  1.1

Action                     || total
---------------------------++-------
  Melee: Dagger            ||    24
         Rapier            ||    15
   Cast: Magic Dart        ||    67
         Call Imp          ||     5
   Stab: Sleeping          ||     1
 Armour: Robe              ||    44
  Dodge: Dodged            ||    41

Table legend: (Time is in decaauts)
 A = Elapsed time spent in this place.
 B = Non-inter-level travel time spent in this place.
 C = Inter-level travel time spent in this place.
 D = Time resting spent in this place.
 E = Time spent auto-exploring this place.
 F = Levels seen in this place.
 G = Mean time per level.
                   A        B        C        D        E       F      G
               +--------+--------+--------+--------+--------+-----+--------+
         Total |   1655 |   1593 |     62 |    572 |    702 |   2 |  827.5 |
       Dungeon |   1655 |   1593 |     62 |    572 |    702 |   2 |  827.5 |
               +--------+--------+--------+--------+--------+-----+--------+

Top non-repeatable levels by time:
     D:1: 1118 daAuts
     D:2: 536 daAuts
